[ AOE2 MATCH · #513753610 ]
UnrankedMagyars vs Maya
Player's team · LOSS
Rival team · WIN
[ REPLAY ANALYSIS · EXTRACTED FROM THE RECORDED GAME ]
Feudal
9:45
Castle
26:28
Imperial
—
| APM avg | 35.5 |
| APM peak | 69 |
| eAPM avg | 20.0 |
| Villagers / military | 64 / 33 |
Focus
⚔️ 25.1% · 🌾 74.9%
Scout Cavalry ×25 · Magyar Huszar ×8
Feudal
10:52
Castle
34:01
Imperial
—
| APM avg | 36.0 |
| APM peak | 68 |
| eAPM avg | 19.3 |
| Villagers / military | 79 / 36 |
Focus
⚔️ 25.8% · 🌾 74.2%
Spearman ×27 · Eagle Scout ×8 · Battering Ram ×1
Match map
Initial resources + every placement click. Lines = walls · curves = elevation contours. ◆ gold · ⬟ stone · ● berries · ✦ relic · ◌ wall gap
Your base· Open — unwalled flank
angelferoz's base· Open — unwalled flank
Smoothed initial terrain · ◌ = detected wall gap · hover for details
Inputs per minute
— juandaosp12 - - angelferoz
Build order — juandaosp12
First 150 of 182 actions detected
| 0:00 | Queue | Villager (Male) |
| 0:00 | Queue | Villager (Male) |
| 0:01 | Queue | Villager (Male) |
| 0:02 | Build | House |
| 0:04 | Build | House |
| 0:08 | Queue | Villager (Male) |
| 0:08 | Queue | Villager (Male) |
| 1:28 | Queue | Villager (Male) |
| 1:29 | Queue | Villager (Male) |
| 1:51 | Build | Lumber Camp |
| 1:56 | Queue | Villager (Male) |
| 1:56 | Queue | Villager (Male) |
| 1:56 | Queue | Villager (Male) |
| 2:18 | Queue | Villager (Male) |
| 2:18 | Queue | Villager (Male) |
| 2:53 | Queue | Villager (Male) |
| 2:53 | Queue | Villager (Male) |
| 2:54 | Queue | Villager (Male) |
| 3:17 | Queue | Villager (Male) |
| 3:17 | Queue | Villager (Male) |
| 3:17 | Queue | Villager (Male) |
| 3:34 | Build | House |
| 3:37 | Build | Palisade Wall |
| 3:50 | Queue | Villager (Male) |
| 3:50 | Queue | Villager (Male) |
| 3:50 | Queue | Villager (Male) |
| 3:54 | Build | House |
| 4:02 | Build | House |
| 4:17 | Queue | Villager (Male) |
| 4:45 | Queue | Villager (Male) |
| 4:45 | Queue | Villager (Male) |
| 4:49 | Queue | Villager (Male) |
| 4:50 | Queue | Villager (Male) |
| 4:51 | Build | Mill |
| 5:50 | Queue | Villager (Male) |
| 6:07 | Build | Mill |
| 6:28 | Queue | Villager (Male) |
| 6:28 | Research | Loom |
| 7:29 | Research | Feudal Age |
| 7:40 | Build | Palisade Wall |
| 7:47 | Build | Palisade Wall |
| 7:59 | Build | Palisade Wall |
| 8:01 | Build | Palisade Wall |
| 8:04 | Queue | Villager (Male) |
| 8:19 | Build | Palisade Wall |
| 8:20 | Build | Palisade Wall |
| 8:30 | Build | Lumber Camp |
| 8:45 | Queue | Villager (Male) |
| 9:33 | Build | Barracks |
| 9:39 | Build | Palisade Wall |
| 9:41 | Build | Palisade Wall |
| 9:41 | Build | Palisade Wall |
| 9:43 | Queue | Villager (Male) |
| 9:45 | Age | Feudal Age |
| 10:36 | Build | Stable |
| 10:45 | Build | Palisade Wall |
| 10:48 | Queue | Villager (Male) |
| 10:53 | Queue | Villager (Male) |
| 11:03 | Build | Farm |
| 11:05 | Build | Farm |
| 11:07 | Build | Farm |
| 11:09 | Queue | Villager (Male) |
| 11:24 | Build | Farm |
| 11:29 | Build | House |
| 11:45 | Queue | Scout Cavalry |
| 11:46 | Queue | Scout Cavalry |
| 11:53 | Build | House |
| 11:59 | Build | Palisade Wall |
| 12:00 | Build | Palisade Wall |
| 12:01 | Build | Palisade Wall |
| 12:14 | Build | Watch Tower |
| 12:20 | Queue | Villager (Male) |
| 12:20 | Queue | Villager (Male) |
| 12:41 | Build | Blacksmith |
| 12:48 | Queue | Villager (Male) |
| 12:50 | Queue | Scout Cavalry |
| 12:51 | Queue | Scout Cavalry |
| 13:22 | Queue | Scout Cavalry |
| 13:22 | Queue | Scout Cavalry |
| 13:29 | Build | Farm |
| 13:29 | Build | Farm |
| 13:48 | Queue | Scout Cavalry |
| 13:51 | Build | Farm |
| 13:52 | Build | Farm |
| 14:27 | Research | Fletching |
| 14:59 | Queue | Villager (Male) |
| 16:10 | Queue | Scout Cavalry |
| 16:26 | Build | Farm |
| 16:28 | Queue | Villager (Male) |
| 16:33 | Queue | Villager (Male) |
| 17:26 | Queue | Scout Cavalry |
| 17:26 | Queue | Scout Cavalry |
| 17:29 | Build | Farm |
| 17:30 | Build | Farm |
| 17:33 | Queue | Villager (Male) |
| 17:33 | Queue | Villager (Male) |
| 17:33 | Queue | Villager (Male) |
| 17:54 | Queue | Villager (Male) |
| 17:55 | Queue | Villager (Male) |
| 18:14 | Queue | Villager (Male) |
| 18:14 | Queue | Villager (Male) |
| 18:20 | Build | Mining Camp |
| 18:23 | Queue | Villager (Male) |
| 18:25 | Queue | Villager (Male) |
| 18:34 | Build | House |
| 18:36 | Build | Palisade Wall |
| 18:37 | Build | Palisade Wall |
| 18:38 | Build | Palisade Wall |
| 18:39 | Queue | Villager (Male) |
| 19:17 | Build | Farm |
| 19:17 | Build | Farm |
| 19:18 | Build | Farm |
| 19:18 | Build | Farm |
| 19:18 | Build | Farm |
| 19:18 | Build | Farm |
| 19:25 | Build | Market |
| 19:50 | Queue | Villager (Male) |
| 19:53 | Queue | Scout Cavalry |
| 20:17 | Build | Farm |
| 20:35 | Queue | Villager (Male) |
| 21:22 | Queue | Scout Cavalry |
| 21:22 | Queue | Scout Cavalry |
| 21:23 | Queue | Scout Cavalry |
| 21:42 | Queue | Scout Cavalry |
| 21:42 | Queue | Scout Cavalry |
| 21:52 | Queue | Villager (Male) |
| 22:01 | Queue | Scout Cavalry |
| 22:54 | Build | Mining Camp |
| 23:06 | Build | Farm |
| 23:06 | Build | Farm |
| 23:06 | Build | Farm |
| 23:06 | Build | Farm |
| 23:07 | Build | Farm |
| 23:07 | Build | Farm |
| 23:07 | Build | Farm |
| 23:48 | Research | Castle Age |
| 23:58 | Research | Town Watch |
| 24:07 | Build | Mining Camp |
| 24:21 | Build | Mining Camp |
| 24:35 | Queue | Scout Cavalry |
| 24:35 | Queue | Scout Cavalry |
| 24:36 | Queue | Scout Cavalry |
| 24:56 | Build | Mining Camp |
| 25:01 | Build | Lumber Camp |
| 25:15 | Queue | Scout Cavalry |
| 25:36 | Build | Watch Tower |
| 25:43 | Queue | Scout Cavalry |
| 26:28 | Age | Castle Age |
| 28:09 | Queue | Villager (Male) |
| 28:10 | Queue | Villager (Male) |
Build order — angelferoz
First 150 of 201 actions detected
| 0:02 | Research | Loom |
| 0:07 | Build | House |
| 0:11 | Build | House |
| 0:33 | Queue | Villager (Male) |
| 0:39 | Queue | Villager (Male) |
| 0:39 | Queue | Villager (Male) |
| 1:30 | Queue | Villager (Male) |
| 2:19 | Queue | Villager (Male) |
| 2:20 | Queue | Villager (Male) |
| 3:12 | Queue | Villager (Male) |
| 3:12 | Queue | Villager (Male) |
| 3:31 | Build | House |
| 3:39 | Queue | Villager (Male) |
| 3:40 | Queue | Villager (Male) |
| 4:28 | Build | House |
| 4:42 | Queue | Villager (Male) |
| 4:43 | Queue | Villager (Male) |
| 5:01 | Build | Lumber Camp |
| 5:02 | Queue | Villager (Male) |
| 5:28 | Build | Mill |
| 5:48 | Build | House |
| 5:59 | Queue | Villager (Male) |
| 6:06 | Queue | Villager (Male) |
| 6:16 | Build | Palisade Wall |
| 6:18 | Queue | Villager (Male) |
| 6:19 | Queue | Villager (Male) |
| 6:26 | Queue | Villager (Male) |
| 6:27 | Queue | Villager (Male) |
| 7:04 | Queue | Villager (Male) |
| 7:13 | Queue | Villager (Male) |
| 7:16 | Queue | Villager (Male) |
| 7:30 | Build | Palisade Wall |
| 7:33 | Queue | Villager (Male) |
| 7:57 | Build | Mill |
| 8:01 | Queue | Villager (Male) |
| 8:23 | Build | House |
| 8:42 | Research | Feudal Age |
| 9:58 | Build | Mining Camp |
| 10:36 | Build | Outpost |
| 10:49 | Queue | Villager (Male) |
| 10:51 | Queue | Villager (Male) |
| 10:52 | Age | Feudal Age |
| 10:52 | Queue | Villager (Male) |
| 11:11 | Build | Watch Tower |
| 11:17 | Queue | Villager (Male) |
| 11:21 | Research | Town Watch |
| 11:23 | Queue | Villager (Male) |
| 11:51 | Build | Stone Wall |
| 11:53 | Build | Stone Wall |
| 11:54 | Build | Stone Wall |
| 12:06 | Build | Watch Tower |
| 12:19 | Queue | Villager (Male) |
| 12:23 | Research | Double-Bit Axe |
| 12:24 | Queue | Villager (Male) |
| 12:25 | Queue | Villager (Male) |
| 12:59 | Build | Watch Tower |
| 13:04 | Queue | Villager (Male) |
| 13:15 | Queue | Villager (Male) |
| 14:38 | Queue | Villager (Male) |
| 14:38 | Queue | Villager (Male) |
| 14:38 | Queue | Villager (Male) |
| 14:39 | Queue | Villager (Male) |
| 15:13 | Queue | Villager (Male) |
| 15:19 | Build | Barracks |
| 15:54 | Queue | Spearman |
| 15:54 | Queue | Spearman |
| 16:24 | Build | Watch Tower |
| 16:50 | Queue | Spearman |
| 16:51 | Queue | Spearman |
| 17:28 | Queue | Spearman |
| 17:28 | Queue | Spearman |
| 17:32 | Queue | Villager (Male) |
| 17:44 | Build | Farm |
| 17:44 | Build | Farm |
| 17:44 | Build | Farm |
| 17:45 | Build | Farm |
| 17:45 | Build | Farm |
| 18:08 | Queue | Villager (Male) |
| 18:26 | Queue | Villager (Male) |
| 18:30 | Queue | Villager (Male) |
| 18:41 | Build | House |
| 18:43 | Build | House |
| 19:19 | Queue | Spearman |
| 19:19 | Queue | Spearman |
| 19:20 | Queue | Spearman |
| 19:28 | Build | Watch Tower |
| 19:56 | Queue | Villager (Male) |
| 19:57 | Queue | Villager (Male) |
| 20:19 | Build | Watch Tower |
| 20:33 | Queue | Villager (Male) |
| 20:34 | Queue | Villager (Male) |
| 20:47 | Queue | Villager (Male) |
| 20:47 | Queue | Villager (Male) |
| 21:16 | Build | Watch Tower |
| 22:16 | Queue | Villager (Male) |
| 22:17 | Queue | Villager (Male) |
| 22:23 | Build | Farm |
| 22:23 | Build | Farm |
| 22:23 | Build | Farm |
| 22:24 | Build | Farm |
| 22:24 | Build | Farm |
| 22:24 | Build | Farm |
| 22:24 | Build | Farm |
| 22:25 | Build | Farm |
| 22:32 | Queue | Villager (Male) |
| 22:33 | Queue | Villager (Male) |
| 22:34 | Queue | Villager (Male) |
| 22:34 | Queue | Villager (Male) |
| 22:41 | Build | House |
| 22:44 | Queue | Villager (Male) |
| 22:54 | Build | Watch Tower |
| 23:39 | Queue | Villager (Male) |
| 23:41 | Queue | Villager (Male) |
| 23:41 | Queue | Villager (Male) |
| 23:41 | Queue | Villager (Male) |
| 24:09 | Build | Watch Tower |
| 24:16 | Queue | Villager (Male) |
| 24:24 | Build | Blacksmith |
| 24:25 | Queue | Villager (Male) |
| 24:26 | Queue | Villager (Male) |
| 24:38 | Build | Palisade Wall |
| 24:40 | Queue | Villager (Male) |
| 25:05 | Build | Watch Tower |
| 25:20 | Queue | Eagle Scout |
| 25:26 | Research | Fletching |
| 25:27 | Research | Forging |
| 25:33 | Build | House |
| 25:34 | Queue | Villager (Male) |
| 25:36 | Queue | Villager (Male) |
| 26:20 | Queue | Villager (Male) |
| 26:44 | Build | Watch Tower |
| 26:55 | Build | Watch Tower |
| 27:41 | Queue | Spearman |
| 27:41 | Queue | Spearman |
| 27:41 | Queue | Spearman |
| 27:55 | Build | Stone Wall |
| 27:58 | Build | Stone Wall |
| 28:01 | Build | Stone Wall |
| 28:06 | Research | Arson |
| 28:07 | Queue | Spearman |
| 28:07 | Queue | Spearman |
| 28:17 | Build | Watch Tower |
| 28:45 | Research | Scale Mail Armor |
| 28:58 | Build | House |
| 28:59 | Build | House |
| 28:59 | Build | House |
| 29:14 | Queue | Spearman |
| 29:36 | Queue | Spearman |
| 29:59 | Build | Mining Camp |
| 30:04 | Build | Barracks |
Match timeline
| 3:37 | juandaosp12 · wall_segment Palisade Wall x1 |
| 6:16 | angelferoz · wall_segment Palisade Wall x4 |
| 7:30 | angelferoz · wall_segment Palisade Wall x5 |
| 7:40 | juandaosp12 · wall_segment Palisade Wall x1 |
| 7:47 | juandaosp12 · wall_segment Palisade Wall x1 |
| 7:59 | juandaosp12 · wall_segment Palisade Wall x1 |
| 8:01 | juandaosp12 · wall_segment Palisade Wall x1 |
| 8:19 | juandaosp12 · wall_segment Palisade Wall x1 |
| 8:20 | juandaosp12 · wall_segment Palisade Wall x1 |
| 9:33 | juandaosp12 · first_building Barracks |
| 9:39 | juandaosp12 · wall_segment Palisade Wall x1 |
| 9:41 | juandaosp12 · wall_segment Palisade Wall x1 |
| 9:41 | juandaosp12 · wall_segment Palisade Wall x1 |
| 9:45 | juandaosp12 · age_up feudal |
| 10:36 | juandaosp12 · first_building Stable |
| 10:45 | juandaosp12 · wall_segment Palisade Wall x1 |
| 10:52 | angelferoz · age_up feudal |
| 11:51 | angelferoz · wall_segment Stone Wall x1 |
| 11:53 | angelferoz · wall_segment Stone Wall x1 |
| 11:54 | angelferoz · wall_segment Stone Wall x1 |
| 11:59 | juandaosp12 · wall_segment Palisade Wall x1 |
| 12:00 | juandaosp12 · wall_segment Palisade Wall x1 |
| 12:01 | juandaosp12 · wall_segment Palisade Wall x1 |
| 15:19 | angelferoz · first_building Barracks |
| 18:36 | juandaosp12 · wall_segment Palisade Wall x1 |
| 18:37 | juandaosp12 · wall_segment Palisade Wall x1 |
| 18:38 | juandaosp12 · wall_segment Palisade Wall x1 |
| 20:56 | juandaosp12 · first_market_sell 100 wood |
| 20:58 | juandaosp12 · first_market_buy 100 stone |
| 24:38 | angelferoz · wall_segment Palisade Wall x15 |
| 26:28 | juandaosp12 · age_up castle |
| 27:55 | angelferoz · wall_segment Stone Wall x1 |
| 27:58 | angelferoz · wall_segment Stone Wall x1 |
| 28:01 | angelferoz · wall_segment Stone Wall x1 |
| 29:36 | juandaosp12 · first_building Castle |
| 34:01 | angelferoz · age_up castle |
| 36:04 | angelferoz · first_building Siege Workshop |
| 38:05 | juandaosp12 · resign |
[ AI ANALYSIS · 1 CREDIT ]
What really happened in this match?
Wolo.gg analyzes every decision: build order, eco, micro, common mistakes by bracket. Personalized analysis on WhatsApp or Discord in 30 seconds.
Civ guide
Magyars
Perfil
Jugador #16095747